 Dungeon Crawl Stone Soup version 0.27-a0-988-g25969acef8 (webtiles) character file.

Game seed: 15961707449874547673

37 voltaire321 the Insei (level 3, -5/23 HPs)
             Began as an Octopode Transmuter on Apr 15, 2021.
             Was a Follower of Jiyva.
             Killed from afar by Natasha (6 damage)
             ... with a magic dart
             ... on level 2 of the Dungeon.
             The game lasted 00:05:16 (1570 turns).

voltaire321 the Insei (Octopode Transmuter)         Turns: 1570, Time: 00:05:17

Health: -5/23      AC:  1    Str:  9    XL:     3   Next: 39%
Magic:  1/6        EV: 13    Int: 15    God:    Jiyva [*.....]
Gold:   73         SH:  0    Dex: 13    Spells: 0/6 levels left

rFire    . . .     SeeInvis .     - Unarmed
rCold    . . .     Faith    .   (no shield)
rNeg     . . .     Spirit   .   (helmet restricted)
rPois    .         Reflect  .   (no amulet)
rElec    .         Harm     .   (no ring)
rCorr    .         Rampage  .   (no ring)
Will     .....                  (no ring)
Stlth    ++........             (no ring)
HPRegen  0.07/turn              (no ring)
MPRegen  0.10/turn              (no ring)
                                (no ring)
                                (no ring)

@: very slightly contaminated, slowed, very slow
A: almost no armour, amphibious, 8 rings, camouflage 1, gelatinous body 1,
(nimble swimmer 1), tentacles
a: Renounce Religion, Request Jelly


You were on level 2 of the Dungeon.
You worshipped Jiyva.
Jiyva was aware of your devotion.
You visited 1 branch of the dungeon, and saw 2 of its levels.

You collected 73 gold pieces.

Inventory:

Missiles
 b - 11 poisoned darts
Wands
 j - a wand of iceblast (11)
Scrolls
 a - a scroll of amnesia {unknown}
 g - a scroll of identify {unknown}
 i - a scroll of holy word {unknown}
Potions
 c - a potion of heal wounds {unknown}
 d - a potion of degeneration {unknown}
 e - a potion of lignification {unknown}
 f - a potion of mutation {unknown}
 h - a potion of cancellation {unknown}


   Skills:
 + Level 1.5 Fighting
 + Level 2.4 Dodging
 + Level 3.2 Unarmed Combat
 + Level 2.3 Spellcasting
 + Level 2.4 Transmutations
 + Level 0.0 Poison Magic


You couldn't memorise any spells.
You knew the following spells:

 Your Spells              Type           Power      Damage    Failure   Level
a - Beastly Appendage     Tmut           16%        N/A       9%          1
b - Spider Form           Tmut/Pois      2%         N/A       36%         3
c - Wereblood             Tmut           8%         N/A       12%         2

Your spell library contained the following spells:

 Spells                   Type           Power      Damage    Failure   Level
 Ice Form                 Ice/Tmut       5%         N/A       78%         4
 Hydra Form               Tmut           4%         N/A       92%         5


Dungeon Overview and Level Annotations

Branches:
Dungeon (2/15)

Altars:
Jiyva

Annotations:
D:2 Natasha


Innate Abilities, Weirdness & Mutations

You cannot wear most types of armour.
You are amphibious.
You can wear up to eight rings at the same time.
Your skin changes colour to match your surroundings (Stealth+).
Your rubbery body absorbs attacks. (AC +1, EV +1)
((You are camouflaged near water. (Stealth+)))
You have tentacles for arms and can constrict up to eight enemies at once.


Message History

You constrict the ball python. The ball python bites you.
The ball python constricts you.
You barely miss the ball python.
Your tentacle spike misses the ball python.
The ball python is moderately wounded.
Your tentacle spike disappears.
You constrict the ball python. The ball python bites you.
The ball python constricts you.
You tentacle-slap the ball python.
You kill the ball python!
Casting: Beastly Appendage (safe; 9% risk of failure)
Confirm with . or Enter, or press ? or * to list all spells.
You miscast Beastly Appendage.
You are very lightly contaminated with residual magic.
Nothing appears to happen.
Natasha mumbles some strange words.
Natasha shimmers violently.
Natasha claws you!
Casting: Beastly Appendage (safe; 9% risk of failure)
Confirm with . or Enter, or press ? or * to list all spells.
You miscast Wereblood.
Nothing appears to happen.
Natasha casts a spell at you.
You feel yourself slow down.
Casting: Wereblood (safe; 12% risk of failure)
Confirm with . or Enter, or press ? or * to list all spells.
You miscast Wereblood.
Nothing appears to happen.
Natasha claws you but does no damage.
The crimson imp blinks!
Natasha hisses.
Natasha claws you!
* * * LOW HITPOINT WARNING * * *
Casting: Wereblood (safe; 12% risk of failure)
Confirm with . or Enter, or press ? or * to list all spells.
You don't have enough magic to cast this spell.
You closely miss Natasha. Your grab misses Natasha. Natasha claws you.
* * * LOW HITPOINT WARNING * * *
You miss Natasha. Your grab misses Natasha.
Your tentacle-slap misses Natasha.
Your squeeze misses Natasha. Natasha casts a spell at you.
The magic dart hits you.
You die...

#................#
###########.#######.#
#...........# #.# #...#########
#.# ##...# ########.# ## #....#
#.....)..# #. #....# #...######
#. #....# ###.##...########## #.
#....# ...>...@...........####.
####.# ###.####h##.######..#...
#.# ##.####.##..## #.#.#.
##.####..h5........#####.#.##
#####.....#.........♣♣....J..#.##
..........#.........P♣...........
.####...J.#..........5...###..###
.# #.....#........#.....# #.....
.# #...J.#####....##....# #...##


You could see Natasha and a crimson imp (summoned).

Vanquished Creatures
  A worm (D:2)
  A dart slug (D:1)
  5 ball pythons
  6 bats (D:1)
  4 endoplasms (D:1)
  A giant cockroach (D:1)
  2 goblins
  A hobgoblin (D:1)
  A quokka (D:1)
  2 frilled lizards (D:1)
  2 kobolds
  3 rats
29 creatures vanquished.

Vanquished Creatures (others)
  Jessica (D:2)
  Natasha (D:2)
  A worm (D:2)
  A ball python (D:2)
  A giant cockroach (D:2)
  A goblin (D:2)
  A frilled lizard (D:2)
7 creatures vanquished.

Grand Total: 36 creatures vanquished

Notes
Turn   | Place    | Note
-------+----------+-------------------------------------------
     0 | D:1      | voltaire321 the Octopode Transmuter began the quest for the
                  | Orb.
     0 | D:1      | Reached XP level 1. HP: 13/13 MP: 3/3
   194 | D:1      | Reached XP level 2. HP: 16/18 MP: 1/5
   257 | D:1      | Found a faded altar of an unknown god.
   834 | D:1      | Reached XP level 3. HP: 13/23 MP: 4/6
  1085 | D:1      | Became a worshipper of Jiyva Jigiz the Shapeless
  1085 | D:1      | Reached * piety under Jiyva
  1254 | D:2      | Killed Natasha
  1391 | D:2      | Learned a level 3 spell: Spider Form
  1394 | D:2      | Learned a level 2 spell: Wereblood
  1405 | D:2      | Killed Jessica
  1530 | D:2      | Noticed Natasha
  1569 | D:2      | HP: 1/23 [Natasha (1)]
  1570 | D:2      | Killed from afar by Natasha

Illustrated notes

Levels and vault maps discovered:
D:1:      dpeg_arrival_more_subterranean_lakeside_camping, layout_basic,
          hellmonk_ecumenical_altar_run_dry
D:2:      layout_basic, hex_medium, serial_park_tiny_1,
          chequers_serial_rivers_micro_a, mrwooster_statue_mirror, uniq_natasha,
          uniq_jessica

Action                   || total
-------------------------++-------
Melee: Unarmed           ||    61
       Constrict         ||    17
       Tentacles         ||     5
       Kick              ||    11
 Cast: Beastly Appendage ||    18
 Stab: Sleeping          ||     3
Armor: Skin              ||    13
Dodge: Dodged            ||    36

Table legend: (Time is in decaauts)
 A = Elapsed time spent in this place.
 B = Non-inter-level travel time spent in this place.
 C = Inter-level travel time spent in this place.
 D = Time resting spent in this place.
 E = Time spent auto-exploring this place.
 F = Levels seen in this place.
 G = Mean time per level.
                   A        B        C        D        E       F      G
               +--------+--------+--------+--------+--------+-----+--------+
         Total |   1567 |   1567 |      0 |    527 |    575 |   2 |  783.5 |
       Dungeon |   1567 |   1567 |      0 |    527 |    575 |   2 |  783.5 |
               +--------+--------+--------+--------+--------+-----+--------+

Top non-repeatable levels by time:
     D:1: 1187 daAuts
     D:2: 379 daAuts
